 Dungeon Crawl Stone Soup version 0.31-a0-986-g5e6e4ef867 (webtiles) character file.

Game seed: 5724363332520909154

35 wildpjah the Grasshopper (level 3, -7/29 HPs)
             Began as a Barachi Warper on Nov 22, 2023.
             Mangled by a gnoll
             ... wielding a +0 flail
              (9 damage)
             ... on level 3 of the Dungeon.
             The game lasted 00:03:45 (1869 turns).

wildpjah the Grasshopper (Barachi Warper)           Turns: 1869, Time: 00:03:46

Health: -7/29      AC:  7    Str: 12    XL:     3   Next: 35%
Magic:  6/6        EV:  6    Int: 13    God:
Gold:   91         SH:  0    Dex: 13    Spells: 2/6 levels left

rFire   . . .        a - +0 falchion
rCold   . . .        (no shield)
rNeg    . . .        b - +0 leather armour
rPois   .            o - +0 helmet
rElec   .            (no cloak)
rCorr   .            (no gloves)
SInv    .            q - +2 pair of boots
Will    .....        (no amulet)
Stlth   +            (no ring)
HPRegen 0.24/turn    (no ring)
MPRegen 0.10/turn

%: no passive effects
@: held, slow
A: amphibious, slowness 1, strong legs 1, +LOS
a: Hop


You were on level 3 of the Dungeon.
You visited 1 branch of the dungeon, and saw 3 of its levels.

You collected 91 gold pieces.

Inventory:

Hand Weapons
 a - a +0 falchion (weapon)
Missiles
 d - 7 darts of dispersal
Armour
 b - a +0 leather armour (worn)
 o - a +0 helmet (worn)
 q - a +2 pair of boots (worn)
Scrolls
 c - a scroll of blinking
 e - 2 scrolls of poison {unknown}
 g - 2 scrolls of identify {unknown}
 i - 4 scrolls of teleportation {unknown}
 j - a scroll of silence {unknown}
 m - a scroll of torment {unknown}
 s - 2 scrolls of fog {unknown}
 t - a scroll of enchant armour {unknown}
 u - a scroll of noise {unknown}
Potions
 f - a potion of berserk rage {unknown}
 h - a potion of degeneration {unknown}
 k - 2 potions of curing {unknown}
 l - a potion of cancellation {unknown}
 n - 2 potions of might {unknown}
 p - a potion of haste {unknown}
 v - a potion of lignification {unknown}


   Skills:
 + Level 3.0 Fighting
 + Level 3.0 Long Blades
 + Level 1.0 Throwing
 + Level 1.2 Armour
 + Level 2.3 Dodging
 + Level 2.4 Spellcasting
 + Level 3.8 Translocations


You had 2 spell levels left.
You knew the following spells:

 Your Spells              Type           Power      Damage    Failure   Level
a - Blink                 Tloc           22%        N/A       10%         2
b - Lesser Beckoning      Tloc           22%        N/A       10%         2

Your spell library contained the following spells:

 Spells                   Type           Power      Damage    Failure   Level
 Magic Dart               Conj           4%         1d3       30%         1
 Call Imp                 Summ           2%         N/A       43%         2
 Teleport Other           Tloc           11%        N/A       19%         3
 Manifold Assault         Tloc           11%        N/A       54%         4
 Ignite Poison            Fire/Tmut/Pois 1%         N/A       67%         3
 Mephitic Cloud           Conj/Pois/Air  1%         N/A       67%         3
 Vhi's Electric Charge    Tloc/Air       12%        N/A       80%         4
 Sticky Flame             Conj/Fire      1%         2d3       97%         4
 Ignition                 Fire           0%         3d3       100%        8


Dungeon Overview and Level Annotations

Branches:
Dungeon (3/15)

Altars:


Innate Abilities, Weirdness & Mutations

You are amphibious.
You cover ground slowly.
You can hop short distances.
You have an extended range of vision and can be seen from far away.


Message History

Press: ? - help, Q - select action, (/) - cycle Shift-Dir - straight line, f - gnoll
Aim: a gnoll, wielding a +0 whip (58% to hit)
You throw a poisoned dart. The poisoned dart hits the gnoll.
Unknown command.
Throw: dart (poison)
Press: ? - help, Q - select action, (/) - cycle Shift-Dir - straight line, f/p - gnoll
Aim: a gnoll, wielding a +0 whip (58% to hit)
You throw a poisoned dart.
The poisoned dart barely misses the gnoll.
The poisoned dart closely misses the gnoll.
The poisoned dart completely misses the gnoll.
You hit the gnoll.
The gnoll is moderately wounded.
The gnoll hits you with a +0 whip! The gnoll hits you with a +0 whip.
You hit the gnoll.
The gnoll is heavily wounded.
You hit the gnoll.
The gnoll is lightly wounded.
You hit the gnoll.
The gnoll is moderately wounded.
The gnoll closely misses you.
The gnoll hits you from afar with a +0 halberd.
You hit the gnoll.
The gnoll is heavily wounded.
The gnoll hits you with a +0 flail. The gnoll barely misses you.
You hit the gnoll but do no damage.
The gnoll is heavily wounded.
The gnoll barely misses you. The gnoll closely misses you.
You hit the gnoll but do no damage.
The gnoll is heavily wounded.
The gnoll closely misses you. The gnoll barely misses you.
The gnoll hits you from afar with a +0 halberd.
The gnoll hits you with a +0 flail!
* * * LOW HITPOINT WARNING * * *
The gnoll throws a throwing net.
The throwing net hits you.
You become entangled in the net!
You see here a throwing net.
You struggle against the net.
The gnoll barely misses you.
You tear a large gash into the net.
The gnoll hits you with a +0 flail!
You die...

### ### #.# ...?
... ##... #.#
...... #.#
.......##.#######
(.....(.gSg@....#
...)...##g#####.#
...... #.## #.#
.#... #..## #.#
##. ##...###.#
#.####.....##.##
...........#..#
...........#.#
##.......##.#


You could see 3 gnolls and an adder.

Vanquished Creatures
  An orc (D:3)
  2 bats
  2 endoplasms
  2 giant cockroaches
  2 hobgoblins
  8 jackals
  3 kobolds
  A quokka (D:2)
  A ball python (D:1)
  3 goblins (D:2)
  4 rats
29 creatures vanquished.

Notes
Turn   | Place    | Note
-------+----------+-------------------------------------------
     0 | D:1      | wildpjah the Barachi Warper began the quest for the Orb.
     0 | D:1      | Reached XP level 1. HP: 17/17 MP: 3/3
   418 | D:1      | Reached XP level 2. HP: 19/23 MP: 5/5
  1146 | D:2      | Learned a level 2 spell: Blink
  1149 | D:2      | Learned a level 2 spell: Lesser Beckoning
  1631 | D:3      | Reached XP level 3. HP: 28/28 MP: 6/6
  1864 | D:3      | HP: 1/29 [gnoll/+0 flail (8)]
  1869 | D:3      | Mangled by a gnoll

Illustrated notes

Levels and vault maps discovered:
D:1:      scummos_arrival_simple_fountains, layout_loops_corners
D:2:      layout_loops_ring
D:3:      layout_loops_ring, kennysheep_generic_room_13

Skill      XL: |  1  2  3 |
---------------+----------+-----
Long Blades    | 3 |  3.0
Fighting       | 3 |  3.0
Throwing       | |  1.0
Armour         | |  1.2
Dodging        | |  2.3
Spellcasting   | |  2.4
Translocations | |  3.8

Action                     || total
---------------------------++-------
  Melee: Falchion          ||   106
         Punch             ||     2
  Throw: Dart              ||     2
   Cast: Lesser Beckoning  ||     1
 Armour: Leather armour    ||    72
  Dodge: Dodged            ||    84

Table legend: (Time is in decaauts)
 A = Elapsed time spent in this place.
 B = Non-inter-level travel time spent in this place.
 C = Inter-level travel time spent in this place.
 D = Time resting spent in this place.
 E = Time spent auto-exploring this place.
 F = Levels seen in this place.
 G = Mean time per level.
                   A        B        C        D        E       F      G
               +--------+--------+--------+--------+--------+-----+--------+
         Total |   2196 |   2140 |     56 |      0 |   1845 |   3 |  732.0 |
       Dungeon |   2196 |   2140 |     56 |      0 |   1845 |   3 |  732.0 |
               +--------+--------+--------+--------+--------+-----+--------+

Top non-repeatable levels by time:
     D:1: 964 daAuts
     D:2: 789 daAuts
     D:3: 442 daAuts
